 Dungeon Crawl Stone Soup version 0.32-a0-872-g59262bdc9b (webtiles) character file.

Game seed: 9890551235032436400

555 Autsider the Shooter (level 7, -2/54 HPs)
             Began as a Coglin Hexslinger on Mar 30, 2024.
             Slain by Sigmund
             ... wielding a +0 scythe
              (5 damage)
             ... on level 5 of the Dungeon.
             The game lasted 00:10:42 (2975 turns).

Autsider the Shooter (Coglin Hexslinger)            Turns: 2975, Time: 00:10:42

Health: -2/54      AC:  3    Str:  8    XL:     7   Next: 30%
Magic:  6/8        EV: 11    Int: 13    God:
Gold:   168        SH:  0    Dex: 18    Spells: 3/8 levels left

rFire   . . .        a - +1 sling {Consuela}
rCold   . . .        d - -2 sling {Udom}
rNeg    . . .        c - +0 robe
rPois   .            (no helmet)
rElec   .            w - scarf {+Inv}
rCorr   .            n - +0 pair of gloves
SInv    .            (no boots)
Will    .....        (amulet unavailable)
Stlth   +            (ring unavailable)
HPRegen 0.29/turn    (ring unavailable)
MPRegen 0.11/turn    (no gizmo)

%: no passive effects
@: confused, about to teleport, weak-willed, studying 2 skills, revved
A: off-hand wielding, slow wielding, warmup strikes, no jewellery
a: Invent Gizmo, Evoke Invisibility


You were on level 5 of the Dungeon.
You visited 1 branch of the dungeon, and saw 5 of its levels.

You collected 168 gold pieces.

Inventory:

Hand Weapons
 a - a +1 sling (weapon) {Consuela}
 d - a -2 sling (offhand) {Udom}
 u - the +16 obsidian axe {drain, demonic, Mesm ^Drain Fly SInv}
   (You found it on level 4 of the Dungeon)

   Mesm:      Its wielder is mesmerised by any visible foes, and it cannot be
   unequipped while any foes are visible.
   SInv:      It lets you see invisible.
   Fly:       It grants you flight.
   ^Drain:    It drains your maximum health when unequipped.
Missiles
 v - 12 poisoned darts
Armour
 c - a +0 robe (worn)
 j - the orb of the Tick {mayhem, rF+ Dex+3 Air}
   (You found it on level 2 of the Dungeon)

   Dex+3:     It affects your dexterity (+3).
   rF+:       It protects you from fire.
   Air:       It increases the power of your Air spells.
 n - a +0 pair of gloves (worn)
 w - a scarf of invisibility (worn)
Wands
 p - a wand of mindburst (24)
 y - a wand of paralysis (8)
Scrolls
 b - a scroll of poison
 f - a scroll of vulnerability
 h - a scroll of teleportation
 i - a scroll of enchant weapon {unknown}
 k - 3 scrolls of immolation {unknown}
 o - 3 scrolls of fog {unknown}
 q - a scroll of fear {unknown}
 r - a scroll of identify {unknown}
 x - a scroll of blinking {unknown}
Potions
 e - 2 potions of haste {unknown}
 g - a potion of heal wounds {unknown}
 l - 2 potions of curing {unknown}
 m - 2 potions of attraction {unknown}
 s - a potion of brilliance {unknown}
 t - a potion of degeneration {unknown}


   Skills:
 + Level 4.2 Fighting
 + Level 4.2 Ranged Weapons
 - Level 1.7 Dodging
 + Level 3.9 Stealth
 - Level 1.0 Spellcasting
 + Level 3.9 Hexes
 - Level 0.8 Fire Magic


You had 3 spell levels left.
You knew the following spells:

 Your Spells              Type           Power      Damage    Failure   Level
a - Jinxbite              Hex            22%        N/A       9%          2
b - Sigil of Binding      Hex            11%        N/A       17%         3

Your spell library contained the following spells:

 Spells                   Type           Power      Damage    Failure   Level
 Inner Flame              Hex/Fire       6%         N/A       30%         3
 Volatile Blastmotes      Fire/Tloc      2%         2d10      56%         3
 Cause Fear               Hex            5%         N/A       50%         4
 Dimensional Bullseye     Hex/Tloc       2%         N/A       77%         4
 Fulminant Prism          Conj/Alch      0%         3d5       95%         4
 Iskenderun's Mystic Bla Conj/Tloc 0%             2d3        (+2d1     95%         4
 Leda's Liquefaction      Alch/Erth      0%         N/A       95%         4
 Petrify                  Alch/Erth      0%         N/A       95%         4
 Metabolic Englaciation   Hex/Ice        2%         N/A       98%         5


Dungeon Overview and Level Annotations

Branches:
Dungeon (5/15)
 Temple: D:4-7

Altars:
Elyvilon

Shops:
D:3 :

Annotations:
D:5 Dowan, Duvessa, Sigmund


Innate Abilities, Weirdness & Mutations

You can wield a second weapon in your off-hand.
It takes a long time for you to wield or remove held weapons.
Your first few attacks do less damage.
You cannot equip rings or amulets.


Message History

You are too confused!
You're too confused to move!
Sigmund closely misses you.
The orc priest hits you with a +0 hand axe.
* * * LOW HITPOINT WARNING * * *
You are too confused!
You bump into the rock wall.
Sigmund closely misses you.
The orc priest invokes the aid of Beogh against you.
Pain shoots through your body!
* * * LOW HITPOINT WARNING * * *
Unknown command.
You're too confused to move!
You feel less confused.
The orc priest looks encouraged for a moment.
Dowan mumbles some strange words.
Dowan blinks!
As you read the scroll labelled KEUKKO GIEGO, it crumbles to dust.
A wave of despondency washes over your surroundings.
It was a scroll of vulnerability.
Sigmund barely misses you. The orc priest barely misses you.
As you read the scroll labelled QUITORCHYI AQAO, it crumbles to dust.
You feel strangely unstable.
It was a scroll of teleportation.
Sigmund misses you.
The orc priest hits you but does no damage.
You shoot a sling bullet. The sling bullet hits the orc priest.
You kill the orc priest!
You shoot a sling bullet. The sling bullet barely misses Duvessa.
You hear an angry growl.
Sigmund points at you and mumbles some strange words.
You are confused.
You clumsily bash the dart slug but do no damage.
You completely miss the dart slug with your +1 sling.
A black bear comes into view.
Sigmund hits you from afar with a +0 scythe!
* * * LOW HITPOINT WARNING * * *
The dart slug barely misses you.
You're too confused to move!
Sigmund hits you from afar with a +0 scythe.
You die...
Sigmund begins carving another notch in his scythe.

#.# #.#
##.########### ##
##...##.......#
..#.....#.#####.#
...#.#...##.#####.#
#....eeh.<........
###.##w###.#####.#
..# #@# #.# ### #.#
#.. #@# #### #Z#
#.# #.# #.# #.# #.#


You could see a spectral goblin, Duvessa (weak-willed), a black bear, Sigmund
(weak-willed), Dowan and a dart slug (weak-willed).

Vanquished Creatures
  Grinder (D:4)
  A scorpion (D:4)
  4 hounds
  An orc priest (D:5)
  A jelly (D:5)
  2 iguanas (D:4)
  2 adders
  3 dart slugs
  4 orcs
  4 ball pythons
  6 endoplasms
  4 giant cockroaches
  7 goblins
  4 hobgoblins
  6 quokkas
  5 bats
  10 kobolds
  5 rats
70 creatures vanquished.

Notes
Turn   | Place    | Note
-------+----------+-------------------------------------------
     0 | D:1      | Autsider the Coglin Hexslinger began the quest for the Orb.
     0 | D:1      | Reached XP level 1. HP: 15/15 MP: 2/2
    89 | D:1      | Reached XP level 2. HP: 14/21 MP: 3/3
   549 | D:1      | Reached XP level 3. HP: 27/27 MP: 4/4
   988 | D:2      | Identified the orb of the Tick {mayhem, rF+ Dex+3 Air}
  1216 | D:2      | Reached XP level 4. HP: 34/34 MP: 5/5
  1308 | D:2      | Found a white marble altar of Elyvilon.
  1520 | D:3      | Found Astirice's Book Shoppe.
  1539 | D:3      | Learned a level 2 spell: Jinxbite
  2049 | D:4      | Reached skill level 1 in Stealth
  2140 | D:4      | Reached XP level 5. HP: 41/41 MP: 6/6
  2171 | D:4      | Found the +16 obsidian axe {drain, demonic, Mesm ^Drain Fly
                  | SInv}
  2209 | D:4      | Noticed Grinder
  2234 | D:4      | Paralysed by Grinder for 4 turns
  2241 | D:4      | Paralysed by Grinder for 3 turns
  2257 | D:4      | Killed Grinder
  2258 | D:4      | Reached XP level 6. HP: 12/48 MP: 4/7
  2817 | D:4      | Reached XP level 7. HP: 54/54 MP: 5/8
  2821 | D:4      | Learned a level 3 spell: Sigil of Binding
  2916 | D:5      | Entered Level 5 of the Dungeon
  2951 | D:5      | Noticed Sigmund
  2960 | D:5      | Noticed Duvessa
  2961 | D:5      | Noticed Dowan
  2975 | D:5      | Slain by Sigmund

Illustrated notes

Levels and vault maps discovered:
D:1:      minmay_arrival_jagged, layout_loops_corners
D:2:      layout_rooms, basic_altar, kennysheep_potato
D:3:      layout_basic, serial_shops, shop
D:4:      layout_basic, minmay_circle_x, uniq_grinder
D:5:      layout_loops_corners, nicolae_overflow_crystal_walls,
          nicolae_hepliaklqana_monster_ancestors, minivault_26, uniq_duvessa,
          uniq_sigmund

Skill      XL: |  1  2  3  4  5  6 |
---------------+-------------------+-----
Ranged Weapons | 2 3 4 |  4.2
Fighting       | 2 3 4 |  4.2
Stealth        | 1 3 |  3.9
Hexes          | 3 |  3.9
Dodging        | |  1.7
Spellcasting   | |  1.0
Fire Magic     | |  0.8

Action                     |  1- 3 |  4- 6 |  7- 9 || total
---------------------------+-------+-------+-------++-------
  Melee: Sling             |       |       |     8 ||     8
   Fire: Sling             |   160 |   166 |    18 ||   344
   Cast: Jinxbite          |       |     3 |     1 ||     4
         Sigil of Binding  |       |       |     1 ||     1
    Use: Scroll            |       |       |     2 ||     2
 Armour: Robe              |    11 |    30 |    12 ||    53
  Dodge: Dodged            |    11 |    30 |    19 ||    60

Table legend: (Time is in decaauts)
 A = Elapsed time spent in this place.
 B = Non-inter-level travel time spent in this place.
 C = Inter-level travel time spent in this place.
 D = Time resting spent in this place.
 E = Time spent auto-exploring this place.
 F = Levels seen in this place.
 G = Mean time per level.
                   A        B        C        D        E       F      G
               +--------+--------+--------+--------+--------+-----+--------+
         Total |   3020 |   2821 |    199 |    236 |   2149 |   5 |  604.0 |
       Dungeon |   3020 |   2821 |    199 |    236 |   2149 |   5 |  604.0 |
               +--------+--------+--------+--------+--------+-----+--------+

Top non-repeatable levels by time:
     D:1: 944 daAuts
     D:4: 899 daAuts
     D:3: 616 daAuts
     D:2: 498 daAuts
     D:5: 62 daAuts
